 Dungeon Crawl Stone Soup version 0.29-a0-330-g52719c12eb (webtiles) character file.

Game seed: 4339205389238754859

16 kae the Firebug (level 2, 0/20 HPs)
             Began as a Demigod Fire Elementalist on May 1, 2022.
             Frozen to death by an endoplasm (1 damage)
             ... on level 1 of the Dungeon.
             The game lasted 00:00:17 (553 turns).

kae the Firebug (Demigod Fire Elementalist)          Turns: 553, Time: 00:00:18

Health: 0/20       AC:  2    Str:  9    XL:     2   Next: 24%
Magic:  5/7        EV: 12    Int: 17    God:
Gold:   47         SH:  0    Dex: 14    Spells: 4/5 levels left

rFire   . . .      SeeInvis .   (no weapon)
rCold   . . .      Faith    .   (no shield)
rNeg    . . .      Spirit   .   a - +0 robe
rPois   .          Reflect  .   (no helmet)
rElec   .          Harm     .   (no cloak)
rCorr   .          Rampage  .   (no gloves)
Will    .....                   (no boots)
Stlth   ++........              (no amulet)
HPRegen 0.06/turn               (no ring)
MPRegen 0.10/turn               (no ring)

@: no status effects
A: high MP 1, forlorn, divine attributes
a: no special abilities


You were on level 1 of the Dungeon.
You visited 1 branch of the dungeon, and saw 1 of its levels.

You collected 47 gold pieces.

Inventory:

Armour
 a - a +0 robe (worn)
Jewellery
 c - a ring of poison resistance
Scrolls
 e - 2 scrolls of identify {unknown}
 f - a scroll of holy word {unknown}
 g - a scroll of magic mapping {unknown}
Potions
 b - a potion of magic
 d - a potion of might {unknown}
 h - a potion of flight {unknown}


   Skills:
 - Level 1.7 Dodging
 - Level 1.7 Stealth
 + Level 2.1 Spellcasting
 + Level 1.4 Conjurations
 + Level 2.9 Fire Magic


You had 4 spell levels left.
You knew the following spells:

 Your Spells              Type           Power      Damage    Failure   Level
a - Foxfire               Conj/Fire      36%        2x1d5     8%          1

Your spell library contained the following spells:

 Spells                   Type           Power      Damage    Failure   Level
 Scorch                   Fire           22%        2d6       9%          2
 Conjure Flame            Conj/Fire      9%         6-21      24%         3
 Inner Flame              Hex/Fire       6%         N/A       30%         3
 Flame Wave               Conj/Fire      9%         2d5       61%         4


Dungeon Overview and Level Annotations

Branches:
Dungeon (1/15)


Innate Abilities, Weirdness & Mutations

You have an increased reservoir of magic. (+10% MP)
You shall have no god before yourself.
Your divine heritage dramatically boosts your attributes as you level up.


Message History

The endoplasm freezes you.
You are frozen.
You hit the endoplasm but do no damage.
The endoplasm is heavily wounded.
The endoplasm hits you but does no damage.
You hit the endoplasm but do no damage.
The endoplasm is heavily wounded.
The endoplasm freezes you.
You are frozen.
You are too injured to fight recklessly!
You are too injured to fight recklessly!
You are too injured to fight recklessly!
You are too injured to fight recklessly!
Casting: Foxfire (safe; 8% risk of failure)
Confirm with . or Enter, or press ? or * to list all spells.
You don't know that spell.
Casting: Foxfire (safe; 8% risk of failure)
Confirm with . or Enter, or press ? or * to list all spells.
You conjure some foxfire!
The endoplasm hits you. The endoplasm freezes you.
You are frozen.
Your foxfire dissipates!
The endoplasm attacks as you move away! The endoplasm closely misses you.
You hit the endoplasm but do no damage.
The endoplasm is moderately wounded.
The endoplasm freezes you.
You are frozen.
* * * LOW HITPOINT WARNING * * *
You barely miss the endoplasm.
The endoplasm is moderately wounded.
The endoplasm misses you.
You hit the endoplasm but do no damage.
The endoplasm is moderately wounded.
The endoplasm hits you.
* * * LOW HITPOINT WARNING * * *
You hit the endoplasm.
The endoplasm is severely wounded.
The endoplasm freezes you.
You are frozen.
You die...

#.........#........
#.....#####........
#.....# ##...#### #######
#.### #.# #.# ##### #.#
......############.#
)......J@..........#
#########################
#.... #.... ###..##
#...).( ###.####†
#........ #.####.##


You could see an endoplasm.

Vanquished Creatures
  A dart slug (D:1)
  A ball python (D:1)
  2 bats (D:1)
  2 hobgoblins (D:1)
  4 jackals (D:1)
  A frilled lizard (D:1)
  A kobold (D:1)
12 creatures vanquished.

Vanquished Creatures (others)
  42 foxfires (D:1)
42 creatures vanquished.

Grand Total: 54 creatures vanquished

Notes
Turn   | Place    | Note
-------+----------+-------------------------------------------
     0 | D:1      | kae the Demigod Fire Elementalist began the quest for the
                  | Orb.
     0 | D:1      | Reached XP level 1. HP: 14/14 MP: 5/5
    49 | D:1      | Reached skill level 1 in Conjurations
   384 | D:1      | Reached XP level 2. HP: 20/20 MP: 1/7
   552 | D:1      | HP: 1/20 [endoplasm (1)]
   553 | D:1      | Frozen to death by an endoplasm

Illustrated notes

Levels and vault maps discovered:
D:1:      psy_arrival_whirlpool, layout_loops_cross, minmay_tetromino_i2

Skill      XL: |  1 |
---------------+----+-----
Conjurations   | 1 |  1.4
Spellcasting   | 2 |  2.1
Dodging        | |  1.7
Stealth        | |  1.7
Fire Magic     | |  2.9

Action                   || total
-------------------------++-------
Melee: Unarmed           ||     9
 Cast: Foxfire           ||    26
Armor: Robe              ||     5
Dodge: Dodged            ||    13

Table legend: (Time is in decaauts)
 A = Elapsed time spent in this place.
 B = Non-inter-level travel time spent in this place.
 C = Inter-level travel time spent in this place.
 D = Time resting spent in this place.
 E = Time spent auto-exploring this place.
 F = Levels seen in this place.
 G = Mean time per level.
                   A        B        C        D        E       F      G
               +--------+--------+--------+--------+--------+-----+--------+
         Total |    554 |    554 |      0 |      0 |    459 |   1 |  554.0 |
       Dungeon |    554 |    554 |      0 |      0 |    459 |   1 |  554.0 |
               +--------+--------+--------+--------+--------+-----+--------+

Top non-repeatable levels by time:
     D:1: 554 daAuts
